 Dungeon Crawl Stone Soup version 0.27.1 (webtiles) character file.

Game seed: 3887796421881422843

693 ZARRMARR the Magician (level 7, -1/36 HPs)
             Began as a Gargoyle Earth Elementalist on Aug 22, 2021.
             Shot with an arrow by a centaur (9 damage)
             ... on level 4 of the Dungeon.
             The game lasted 00:20:24 (4884 turns).

ZARRMARR the Magician (Gargoyle Earth Elementalist) Turns: 4884, Time: 00:20:24

Health: -1/36      AC:  7    Str: 11    XL:     7   Next: 64%
Magic:  16/16      EV: 12    Int: 24    God:
Gold:   94         SH:  0    Dex: 10    Spells: 15/18 levels left

rFire    + . .     SeeInvis .   g - staff of fire
rCold    . . .     Faith    .   (no shield)
rNeg     + . .     Spirit   .   b - +0 robe
rPois    ∞         Reflect  .   (no helmet)
rElec    +         Harm     .   (no cloak)
rCorr    .         Rampage  .   (no gloves)
Will     .....                  d - +0 pair of boots
Stlth    ++........             (no amulet)
HPRegen  0.12/turn              h - +6 ring of intelligence
MPRegen  0.15/turn              (no ring)

@: no status effects
A: sickness immunity, AC +4, negative energy resistance 1, electricity
resistance, torment resistance 1, petrification resistance
a: no special abilities


You were on level 4 of the Dungeon.
You visited 1 branch of the dungeon, and saw 4 of its levels.

You collected 120 gold pieces.
You spent 26 gold pieces at shops.

Inventory:

Missiles
 a - 15 poisoned darts (quivered)
 c - 86 stones
 i - 5 javelins
Armour
 b - a +0 robe (worn)
 d - a +0 pair of boots (worn)
Magical Staves
 g - a staff of fire (weapon)
Jewellery
 h - a +6 ring of intelligence (left hand)
Wands
 j - a wand of mindburst (14)
Scrolls
 l - 3 scrolls of blinking
 m - 2 scrolls of fear
 n - 2 scrolls of enchant weapon
 o - a scroll of teleportation {unknown}
 q - a scroll of enchant armour {unknown}
Potions
 e - a potion of heal wounds {unknown}
 f - a potion of haste
 k - a potion of attraction {unknown}
 p - a potion of mutation {unknown}


   Skills:
 + Level 0.1 Fighting
 + Level 1.9 Dodging
 + Level 3.4 Stealth
 + Level 6.0 Spellcasting
 * Level 2.3 Transmutations
 - Level 5.4 Earth Magic


You had 15 spell levels left.
You knew the following spells:

 Your Spells              Type           Power      Damage    Failure   Level
a - Sandblast             Erth           66%        2d15      1%          1
b - Passwall              Tmut/Erth      20%        N/A       2%          2

Your spell library contained the following spells:

 Spells                   Type           Power      Damage    Failure   Level
 Stone Arrow              Conj/Erth      40%        3d9       8%          3
 Petrify                  Tmut/Erth      25%        N/A       16%         4


Dungeon Overview and Level Annotations

Branches:
Dungeon (4/15)
 Temple: D:4-7

Altars:
Elyvilon
Xom

Shops:
D:2 *   D:3 *


Innate Abilities, Weirdness & Mutations

You are immune to sickness and miasma.
Your stone body is resilient. (AC +4)
You are immune to poison.
You resist negative energy. (rN+)
You are resistant to electric shocks. (rElec)
You are resistant to unholy torment.
You are immune to petrification.


Message History

Aim: a goblin, wielding a +0 dagger of speed (moderately wounded, poisoned, 77% to hit)
The blast of sand hits the goblin!!
You kill the goblin!
c - 87 stones You see here a +0 dagger of speed.
a - 14 poisoned darts (gained 1)
a - 15 poisoned darts (gained 1)
a - 16 poisoned darts (gained 1)
You open the door.
There is an open door here.
Found a fizzy amethyst potion.
Found a leather armour.
An endoplasm comes into view.
Casting: Sandblast (safe; 1% risk of failure)
Confirm with . or Enter, or press ? or * to list all spells.
Aiming: Sandblast (safe; 1% risk of failure)
Press: ? - help, Shift-Dir - straight line, f - endoplasm
Aim: an endoplasm (asleep, 100% to hit)
The blast of sand hits the endoplasm!
You kill the endoplasm!
c - 86 stones A centaur comes into view.
Throw: 16 darts (poison)
Press: ? - help, Q - select action, (/) - cycle Shift-Dir - straight line, f - centaur
Aim: a centaur, quivering arrows (asleep, 98% to hit)
You throw a poisoned dart. The poisoned dart hits the centaur.
The centaur is poisoned.
The centaur shouts!
The centaur wields a +0 shortbow.
The centaur shoots an arrow.
The arrow hits you.
Found a leather armour.
The centaur shoots an arrow.
The arrow hits you.
The centaur shoots an arrow.
The arrow hits you.
Casting: Sandblast (safe; 1% risk of failure)
Confirm with . or Enter, or press ? or * to list all spells.
You can't see any susceptible monsters within range! (Use Z to cast anyway.)
The centaur shoots an arrow.
The arrow hits you!
The centaur shoots an arrow.
The arrow hits you!
* * * LOW HITPOINT WARNING * * *
The centaur shoots an arrow.
The arrow hits you!
You die...

#.# #....# .# #.#
#....# ###+# #.#
#....# ..... #.#
#....# ...... #.#
###### [..... #.#
######......
#.####....!......
#................
######...@..c....
#.......(...
#..[........
#........###
##########
####### #####
#......


You could see a centaur (poisoned).

Vanquished Creatures
  Sigmund (D:4)
  A wyvern zombie (D:4)
  A water moccasin skeleton (D:4)
  A gnoll shaman (D:3)
  3 orc priests
  2 orc wizards (D:4)
  Natasha (thrice) (D:2)
  5 adders
  8 gnolls
  2 adder skeletons (D:4)
  A worm (D:2)
  4 orcs (D:3)
  3 bats
  9 endoplasms
  3 giant cockroaches
  4 goblins
  8 hobgoblins
  4 ball pythons
  A frilled lizard (D:1)
  5 kobolds
  9 rats
78 creatures vanquished.

Notes
Turn   | Place    | Note
-------+----------+-------------------------------------------
     0 | D:1      | ZARRMARR the Gargoyle Earth Elementalist began the quest
                  | for the Orb.
     0 | D:1      | Reached XP level 1. HP: 10/10 MP: 3/3
   232 | D:1      | Reached XP level 2. HP: 15/15 MP: 1/5
   684 | D:1      | Found a faded altar of an unknown god.
  1109 | D:2      | Noticed Natasha
  1113 | D:2      | Killed Natasha
  1114 | D:2      | Reached XP level 3. HP: 15/19 MP: 1/6
  1188 | D:2      | Noticed Natasha
  1195 | D:2      | Killed Natasha
  1196 | D:2      | Reached skill level 5 in Earth Magic
  1196 | D:2      | Reached XP level 4. HP: 8/24 MP: 2/8
  1317 | D:2      | Noticed Natasha
  1427 | D:2      | Killed Natasha
  1428 | D:2      | Reached skill level 3 in Spellcasting
  2006 | D:2      | Reached XP level 5. HP: 28/28 MP: 7/10
  2194 | D:2      | Found a shimmering altar of Xom.
  2244 | D:2      | Found Peth's General Store.
  2248 | D:2      | Bought a scroll of identify for 26 gold pieces
  2785 | D:3      | Reached skill level 4 in Spellcasting
  2802 | D:3      | Reached XP level 6. HP: 16/32 MP: 0/12
  3255 | D:3      | Found Lutengof's General Store.
  3539 | D:3      | Learned a level 2 spell: Passwall
  3672 | D:4      | Noticed Sigmund
  3675 | D:4      | Killed Sigmund
  3676 | D:4      | Reached skill level 5 in Spellcasting
  3676 | D:4      | Reached skill level 1 in Transmutations
  3852 | D:4      | Reached XP level 7. HP: 27/36 MP: 8/15
  4296 | D:4      | Reached skill level 6 in Spellcasting
  4717 | D:4      | Found a white marble altar of Elyvilon.
  4884 | D:4      | Shot with an arrow by a centaur

Illustrated notes

Levels and vault maps discovered:
D:1:      dpeg_arrival_ternary, layout_loops_ring,
          shapermc_ecumenical_altar_flowoftime
D:2:      layout_basic, basic_altar, serial_shops, shop, uniq_natasha
D:3:      layout_loops_ring, serial_shops, nicolae_shop_statue_plus,
          fountainhead, hangedman_decor_points
D:4:      layout_basic, kennysheep_mini_moat, uniq_sigmund

Skill      XL: |  1  2  3  4  5  6  7 |
---------------+----------------------+-----
Earth Magic    | 4 5 |  5.4
Spellcasting   | 3 4 5 6 |  6.0
Transmutations | 1 2 |  2.3
Stealth        | 3 |  3.4
Fighting       | |  0.1
Dodging        | |  1.9

Action                   |  1- 3 |  4- 6 |  7- 9 || total
-------------------------+-------+-------+-------++-------
Melee: Staff             |     6 |     9 |     6 ||    21
Throw: Dart              |    30 |    58 |    15 ||   103
       Javelin           |       |     3 |    21 ||    24
 Cast: Sandblast         |    25 |    66 |    30 ||   121
       Passwall          |       |     2 |       ||     2
  Use: Scroll            |     2 |     4 |       ||     6
Armor: Robe              |     1 |     7 |     5 ||    13
Dodge: Dodged            |     8 |    13 |    10 ||    31
